 Dungeon Crawl Stone Soup version 0.29-a0-416-g83a48905f1 (webtiles) character file.

Game seed: 12357776090451377279

971 siradein the Archer (level 7, -1/49 (56) HPs)
             Began as a Minotaur Hunter on May 16, 2022.
             Was an Initiate of Gozag.
             Slain by a wight
             ... wielding a +0 scimitar
              (2 damage)
             ... on level 4 of the Dungeon.
             The game lasted 00:15:04 (5752 turns).

siradein the Archer (Minotaur Hunter)               Turns: 5752, Time: 00:15:04

HP:   -1/49 (56)    AC:  3    Str: 15    XL:     7   Next: 94%
MP:   6/6           EV: 12    Int:  6    God:    Gozag
Gold: 210           SH:  0    Dex: 16    Spells: 6/6 levels left

rFire   . . .      SeeInvis .   a - +1 shortbow
rCold   . . .      Faith    .   (shield currently unavailable)
rNeg    . . .      Spirit   .   b - +0 leather armour
rPois   +          Reflect  .   (helmet restricted)
rElec   .          Harm     .   (no cloak)
rCorr   .          Rampage  .   (no gloves)
Will    .....                   (no boots)
Stlth   +.........              (no amulet)
HPRegen 0.16/turn               j - ring of poison resistance
MPRegen 0.10/turn               k - ring of flight

@: flying, heavily drained
A: horns 2, retaliatory headbutt
a: Renounce Religion, Potion Petition, Call Merchant, Bribe Branch


You were on level 4 of the Dungeon.
You worshipped Gozag.
Gozag was aware of your devotion.
You visited 1 branch of the dungeon, and saw 5 of its levels.

You collected 300 gold pieces.
You spent 44 gold pieces at shops.
You paid 46 gold pieces to Gozag.

Inventory:

Hand Weapons
 a - a +1 shortbow (weapon)
 l - the +3 hunting sling of Qeyntuiq {speed, *Corrode rC+++ SInv Stlth+}
   (You found it on level 2 of the Dungeon)

   Attacks with this weapon are significantly faster.
   rC:        It renders you almost immune to cold.
   SInv:      It lets you see invisible.
   *Corrode:  It may corrode you when you take damage.
   Stlth:     It makes you more stealthy.
Missiles
 t - a throwing net
Armour
 b - a +0 leather armour (worn)
 u - +0 gold dragon scales
Jewellery
 j - a ring of poison resistance (left hand)
 k - a ring of flight (right hand)
Wands
 p - a wand of flame (12)
Scrolls
 c - a scroll of immolation
 m - 2 scrolls of enchant armour
 o - a scroll of teleportation
 v - a scroll of magic mapping
Potions
 f - 2 potions of brilliance
 h - 2 potions of mutation
 i - a potion of might
 n - a potion of curing
 r - 2 potions of berserk rage
 s - a potion of ambrosia
 w - a potion of magic {unknown}


   Skills:
 + Level 2.9 Fighting
 + Level 10.6 Bows
 + Level 1.2 Armour
 + Level 2.5 Dodging
 - Level 0.7 Stealth


You had 6 spell levels left.
You didn't know any spells.
Your spell library contained the following spells:

 Spells                   Type           Power      Damage    Failure   Level
 Magic Dart               Conj           0%         1d3       52%         1
 Sandblast                Erth           0%         2d4       52%         1
 Call Imp                 Summ           0%         N/A       67%         2
 Passwall                 Tmut/Erth      0%         N/A       67%         2
 Gell's Gravitas          Tloc           0%         N/A       88%         3
 Lesser Beckoning         Tloc           0%         N/A       88%         3
 Mephitic Cloud           Conj/Pois/Air  0%         N/A       88%         3
 Stone Arrow              Conj/Erth      0%         3d7       88%         3
 Teleport Other           Tloc           0%         N/A       88%         3
 Dispersal                Tloc           0%         N/A       100%        6


Dungeon Overview and Level Annotations

Branches:
Dungeon (5/15)             Temple (0/1) D:5

Altars:
Fedhas
Gozag
Uskayaw

Shops:
D:2 *

Annotations:
D:2 1 runed translucent door, Crazy Yiuf


Innate Abilities, Weirdness & Mutations

You have a pair of horns on your head.
You reflexively headbutt those who attack you in melee.


Message History

You fly upwards.
There is a stone staircase leading down, spattered with blood here.
You shoot an arrow.
The arrow hits the wight but does no damage.
The wight hits you with a +0 scimitar!
You feel drained.
You are too injured to fight recklessly!
You are too injured to fight recklessly!
You are too injured to fight recklessly!
You are too injured to fight recklessly!
You are too injured to fight recklessly!
Shoot: a) +1 shortbow
Press: ? - help, Q - select action, (/) - cycle Shift-Dir - straight line, f/p - wight
Aim: a wight, wielding a +0 scimitar and wearing a +0 robe (67% to hit)
You shoot an arrow. The arrow hits the wight.
The wight is lightly damaged.
The wight hits you with a +0 scimitar!
Shoot: a) +1 shortbow
Press: ? - help, Q - select action, (/) - cycle Shift-Dir - straight line, f/p - wight
Aim: a wight, wielding a +0 scimitar and wearing a +0 robe (lightly damaged, 67% to hit)
You shoot an arrow. The arrow closely misses the wight.
The wight completely misses you. You furiously retaliate!
You headbutt the wight.
Shoot: a) +1 shortbow
Press: ? - help, Q - select action, (/) - cycle Shift-Dir - straight line, f/p - wight
Aim: a wight, wielding a +0 scimitar and wearing a +0 robe (moderately damaged, 67% to hit)
You shoot an arrow. The arrow hits the wight.
The wight is severely damaged.
The wight hits you with a +0 scimitar!
* * * LOW HITPOINT WARNING * * *
You feel drained.
* * * LOW HITPOINT WARNING * * *
Shoot: a) +1 shortbow
Press: ? - help, Q - select action, (/) - cycle Shift-Dir - straight line, f/p - wight
Aim: a wight, wielding a +0 scimitar and wearing a +0 robe (severely damaged, 67% to hit)
You shoot an arrow.
The arrow hits the wight but does no damage.
The wight is severely damaged.
The wight hits you with a +0 scimitar.
You die...
Your body crumbles into a pile of gold.

#####.#.######.......##..#
........# #.......##..#
#####.########.)#######..##
#...........#######.!.#
###.###.##.........(..# #.#
#.##............# #.#
#.##.#..........# #.#
#.##.#)(######### #.#
#.##.#@## #.# #....#z#
#.###..###.# #.#..<.# #.#
#.#.##.# #.# #....#.###.#
#..........# ##...#.#####
##.##.#


You could see a wight.

Vanquished Creatures
  Grinder (D:3)
  A necrophage (D:4)
  A scorpion (D:5)
  2 wights
  A howler monkey (D:5)
  A hound (D:5)
  3 orc priests (D:4)
  A jelly (D:5)
  A gnoll shaman (D:4)
  Terence (D:3)
  An orc wizard (D:5)
  10 gnolls
  6 adders
  4 worms
  4 dart slugs
  15 orcs
  9 ball pythons
  5 bats
  5 endoplasms
  6 giant cockroaches
  13 goblins
  5 hobgoblins
  3 jackals (D:4)
  5 quokkas
  2 frilled lizards (D:1)
  8 kobolds
  7 rats
121 creatures vanquished.

Vanquished Creatures (others)
  11 plants
11 creatures vanquished.

Grand Total: 132 creatures vanquished

Notes
Turn   | Place    | Note
-------+----------+-------------------------------------------
     0 | D:1      | siradein the Minotaur Hunter began the quest for the Orb.
     0 | D:1      | Reached XP level 1. HP: 18/18 MP: 0/0
    64 | D:1      | Found a faded altar of an unknown god.
   168 | D:1      | Reached XP level 2. HP: 25/25 MP: 1/1
   179 | D:1      | Reached skill level 5 in Bows
   446 | D:1      | Reached XP level 3. HP: 30/30 MP: 2/2
   994 | D:2      | Reached skill level 6 in Bows
  1099 | D:2      | Identified the +3 hunting sling of Qeyntuiq {speed,
                  | *Corrode rC+++ SInv Stlth+}
  1110 | D:2      | Reached XP level 4. HP: 37/37 MP: 3/3
  1160 | D:2      | Found Meggi's General Store.
  1170 | D:2      | Bought a scroll of teleportation for 33 gold pieces
  1170 | D:2      | Bought a scroll of noise for 11 gold pieces
  1321 | D:2      | Found a runed translucent door.
  1322 | D:2      | Noticed Crazy Yiuf
  1788 | D:3      | Noticed Grinder
  2010 | D:3      | Reached skill level 7 in Bows
  2010 | D:3      | Reached XP level 5. HP: 42/42 MP: 4/4
  2061 | D:3      | Killed Grinder
  2062 | D:3      | Reached skill level 8 in Bows
  2062 | D:3      | Reached XP level 6. HP: 45/50 MP: 5/5
  2484 | D:3      | Noticed Terence
  2516 | D:3      | Killed Terence
  3178 | D:4      | Reached skill level 9 in Bows
  3634 | D:4      | Reached XP level 7. HP: 42/56 MP: 6/6
  3787 | D:4      | Found an opulent altar of Gozag.
  3787 | D:4      | Found a blossoming altar of Fedhas.
  3958 | D:4      | Became a worshipper of Gozag Ym Sagoz the Greedy
  4083 | D:4      | Found a hide-covered altar of Uskayaw.
  4154 | D:5      | Entered Level 5 of the Dungeon
  4159 | D:5      | Found a staircase to the Ecumenical Temple.
  4411 | D:5      | Reached skill level 10 in Bows
  5558 | D:4      | Reached skill level 1 in Armour
  5751 | D:4      | HP: 1/49 [wight/+0 scimitar (5)]
  5752 | D:4      | Slain by a wight

Illustrated notes

Levels and vault maps discovered:
D:1:      shiori_arrival_maze, layout_loops_ring,
          hellmonk_ecumenical_altar_heavens_door
D:2:      layout_rooms, serial_shops, shop, minmay_quantized,
          uniq_crazy_yiuf_cottage
D:3:      layout_basic, uniq_grinder, uniq_terence
D:4:      layout_loops_ring, gammafunk_temple_overflow_elements,
          mainiacjoe_overflow_chevrons, guppyfry_early_lair_pool
D:5:      kennysheep_big_flooded_room, layout_gridville,
          okawaru_altar_gauntlet_db, nicolae_tso_carved_into_rock,
          minmay_temple_entry_statues_fountains, serial_bayou,
          serial_bayou_crossing, serial_bayou_pond_a, serial_bayou_pond_a,
          serial_bayou_pond_c

Skill      XL: |  1  2  3  4  5  6  7 |
---------------+----------------------+-----
Bows           | 5 6 7 8 9 10 | 10.6
Armour         | 1 |  1.2
Fighting       | |  2.9
Dodging        | |  2.5
Stealth        | |  0.7

Action                   |  1- 3 |  4- 6 |  7- 9 || total
-------------------------+-------+-------+-------++-------
 Fire: Shortbow          |    99 |    93 |   132 ||   324
       Hunting sling     |     4 |    89 |       ||    93
  Use: Scroll            |       |       |    10 ||    10
Armor: Leather armour    |    14 |     9 |     7 ||    30
Dodge: Dodged            |    19 |    33 |    48 ||   100

Table legend: (Time is in decaauts)
 A = Elapsed time spent in this place.
 B = Non-inter-level travel time spent in this place.
 C = Inter-level travel time spent in this place.
 D = Time resting spent in this place.
 E = Time spent auto-exploring this place.
 F = Levels seen in this place.
 G = Mean time per level.
                   A        B        C        D        E       F      G
               +--------+--------+--------+--------+--------+-----+--------+
         Total |   5801 |   5691 |    110 |   1462 |   3149 |   5 | 1160.2 |
       Dungeon |   5801 |   5691 |    110 |   1462 |   3149 |   5 | 1160.2 |
               +--------+--------+--------+--------+--------+-----+--------+

Top non-repeatable levels by time:
     D:4: 2055 daAuts
     D:2: 989 daAuts
     D:3: 936 daAuts
     D:1: 919 daAuts
     D:5: 900 daAuts
